 Dungeon Crawl Stone Soup version 0.27.1-33-g824d729ab1 (webtiles) character file.

Game seed: 14015160955520630836

12268 13raion the Severer (level 11, -5/107 HPs)
             Began as a Minotaur Berserker on Dec 2, 2021.
             Was a High Priest of Trog.
             Slain by a boulder beetle (27 damage)
             ... on level 11 of the Dungeon.
             The game lasted 00:24:52 (9873 turns).

13raion the Severer (Minotaur Berserker)            Turns: 9873, Time: 00:24:53

Health: -5/107     AC:  7    Str: 26    XL:     11   Next: 60%
Magic:  10/10      EV:  7    Int:  4    God:    Trog [*****.]
Gold:   457        SH: 16    Dex:  9    Spells: 10/10 levels left

rFire    . . .     SeeInvis .   D - +2 war axe (spect)
rCold    . . .     Faith    .   x - +0 tower shield
rNeg     . . .     Spirit   .   E - +0 scale mail
rPois    +         Reflect  .   (helmet restricted)
rElec    .         Harm     .   (no cloak)
rCorr    .         Rampage  .   (no gloves)
Will     ++...                  (no boots)
Stlth    ..........             d - amulet of regeneration
HPRegen  2.27/turn              c - ring of poison resistance
MPRegen  0.12/turn              J - ring of flight

@: strong-willed, on berserk cooldown, flying, regenerating, slowed, very slow
A: horns 2, retaliatory headbutt
a: Renounce Religion, Berserk, Trog's Hand, Brothers in Arms


You were on level 11 of the Dungeon.
You worshipped Trog.
Trog was extremely pleased with you.
You visited 1 branch of the dungeon, and saw 11 of its levels.
You also visited: Ossuary.

You collected 457 gold pieces.

Inventory:

Hand Weapons
 a - a +0 hand axe
 z - a +0 war axe
 D - a +2 spectral war axe (weapon)
Missiles
 F - 2 throwing nets (quivered)
Armour
 b - a +0 animal skin
 e - a +0 chain mail
 x - a +0 tower shield (worn)
 E - a +0 scale mail (worn)
Jewellery
 c - a ring of poison resistance (left hand)
 d - an amulet of regeneration (around neck)
 w - an amulet of guardian spirit
 B - an amulet of faith
 J - a ring of flight (right hand)
 K - a +6 ring of intelligence
 P - a ring of protection from fire
Wands
 p - a wand of iceblast (11)
 y - a wand of charming (20)
 A - a wand of acid (21)
 I - a wand of mindburst (16)
 L - a wand of paralysis (8)
Scrolls
 g - 9 scrolls of noise
 k - 2 scrolls of blinking
 m - 9 scrolls of immolation
 o - 2 scrolls of amnesia
 t - a scroll of enchant weapon
 v - a scroll of brand weapon
 M - 2 scrolls of magic mapping
 Q - a scroll of fear
Potions
 f - 4 potions of ambrosia
 h - 2 potions of flight
 i - 5 potions of degeneration
 j - a potion of haste
 l - 3 potions of attraction
 n - a potion of invisibility
 q - 2 potions of heal wounds
 r - 2 potions of might
 s - 2 potions of cancellation {unknown}
 u - 7 potions of curing
 C - a potion of berserk rage {unknown}
 G - a potion of magic
 H - a potion of brilliance {unknown}
 N - a potion of mutation {unknown}
 O - a potion of resistance {unknown}


   Skills:
 * Level 13.1 Fighting
 + Level 15.0 Axes
 * Level 6.1 Armour
 * Level 4.4 Dodging
 * Level 6.2 Shields


You had 10 spell levels left.
You didn't know any spells.
Your spell library was empty.

Dungeon Overview and Level Annotations

Branches:
Dungeon (11/15)            Temple (0/1) D:4         Ossuary (visited)
   Lair: D:8-11         Orc: D:9-12

Altars:
Dithmenos
Fedhas
Gozag
Hepliaklqana
Kikubaaqudgha
Nemelex Xobeh
Okawaru
Qazlal
Sif Muna
Wu Jian
Xom
Zin

Shops:
D:1 *   D:5 *([?[   D:7 [


Innate Abilities, Weirdness & Mutations

You have a pair of horns on your head.
You reflexively headbutt those who attack you in melee.


Message History

A boulder beetle is nearby!
A boulder beetle is nearby!
A boulder beetle is nearby!
A boulder beetle is nearby!
A boulder beetle is nearby!
A boulder beetle is nearby!
You feel your anger nearly subside.
You barely miss the boulder beetle.
You headbutt the boulder beetle, but do no damage.
The boulder beetle is lightly wounded.
Your +2 spectral war axe hits the boulder beetle but does no damage.
You are no longer berserk.
You are exhausted.
You feel yourself slow down.
You hit the boulder beetle.
The boulder beetle is lightly wounded.
Your +2 spectral war axe hits the boulder beetle.
You block the boulder beetle's attack. The boulder beetle bites you.
You hit the boulder beetle.
You headbutt the boulder beetle, but do no damage.
The boulder beetle is moderately wounded.
Your +2 spectral war axe hits the boulder beetle but does no damage.
The boulder beetle bites you!! You block the boulder beetle's attack.
You slash the boulder beetle! You headbutt the boulder beetle.
The boulder beetle is heavily wounded.
Your +2 spectral war axe hits the boulder beetle but does no damage.
The boulder beetle leaps!
A boulder beetle is nearby!
Your skin crawls.
You feel strong-willed.
The boulder beetle curls into a ball and begins rolling!
The boulder beetle hits you!!!
* * * LOW HITPOINT WARNING * * *
The boulder beetle stops rolling and uncurls.
You hit the boulder beetle but do no damage.
You headbutt the boulder beetle, but do no damage.
The boulder beetle is heavily wounded.
Your +2 spectral war axe hits the boulder beetle.
The boulder beetle bites you!!
You die...

..........##..##
......°).......#
#○).....## ##>##....#
##)....# #
#.....#.### ##....##
#.## #.(B°## ##..#
..###@#..###...##
............##....##
#..#.........#.....#
#........##.....###
#......##.#.......#
##.##..##..........#
##...#..#...(.......#
#..........).......##
#......8...8.....###


You could see a boulder beetle and a friendly +2 spectral war axe (summoned).

Vanquished Creatures
  3 two-headed ogres
  A death yak (D:9)
  3 kobold demonologists
  2 unseen horrors
  A yaktaur (D:10)
  A polar bear (D:9)
  Grinder (D:3)
  A troll (D:10)
  A hornet (D:8)
  Prince Ribbit (D:8)
  A wraith (D:10)
  2 wyverns
  A shadow (D:10)
  Sigmund (D:6)
  7 yaks
  3 steam dragons
  2 acid dragons
  4 water moccasins
  A sky beast (D:7)
  2 orc warriors
  A necrophage (D:5)
  A black bear (D:8)
  2 ice beasts
  3 ogres
  6 centaurs
  A wolf (D:9)
  A phantom (D:4)
  Blork the orc (D:5)
  5 kobold brigands
  A gnoll sergeant (D:7)
  2 bullfrogs
  3 wyvern zombies
  3 scorpions
  A water moccasin zombie (D:5)
  3 killer bees (D:8)
  9 wights
  4 howler monkeys
  An electric eel (D:9)
  4 centaur zombies
  A lava snake (D:10)
  A bullfrog zombie (D:5)
  A human zombie (Ossuary)
  2 orc priests (D:8)
  A centaur skeleton (D:4)
  3 hounds
  A jelly (D:4)
  A gnoll shaman (D:9)
  Ijyb (D:5)
  3 iguanas
  11 orc wizards
  2 killer bee zombies
  A centaur simulacrum (D:9)
  A hound skeleton (D:5)
  4 mummies (Ossuary)
  10 gnolls
  7 adders
  A shadow imp (D:8)
  4 white imps
  A howler monkey simulacrum (D:9)
  An ufetubus (D:6)
  2 worms (D:3)
  2 dart slugs
  34 orcs
  9 ball pythons
  4 bats
  9 endoplasms
  4 giant cockroaches
  2 gnoll zombies (Ossuary)
  6 goblins
  4 hobgoblins
  6 jackals
  24 kobolds
  4 quokkas
  5 frilled lizards
  A goblin zombie (Ossuary)
  A hobgoblin zombie (Ossuary)
  A jackal zombie (D:5)
  A kobold zombie (D:5)
  3 orc zombies (Ossuary)
  10 rats
281 creatures vanquished.

Vanquished Creatures (others)
  2 kobolds
2 creatures vanquished.

Grand Total: 283 creatures vanquished

Notes
Turn   | Place    | Note
-------+----------+-------------------------------------------
     0 | D:1      | 13raion the Minotaur Berserker began the quest for the Orb.
     0 | D:1      | Reached XP level 1. HP: 19/19 MP: 0/0
   175 | D:1      | Reached skill level 4 in Axes
   176 | D:1      | Reached XP level 2. HP: 27/27 MP: 1/1
   536 | D:1      | Found Usameuk's Assorted Antiques.
   959 | D:1      | Found an ancient bone altar of Kikubaaqudgha.
   973 | D:2      | Reached XP level 3. HP: 34/34 MP: 2/2
   985 | D:2      | Reached ** piety under Trog
  1178 | D:2      | Reached skill level 5 in Axes
  1274 | D:2      | Reached XP level 4. HP: 34/41 MP: 3/3
  1578 | D:2      | Found a faded altar of an unknown god.
  1757 | D:3      | Noticed Grinder
  1773 | D:3      | Paralysed by Grinder for 7 turns
  1785 | D:3      | Killed Grinder
  1786 | D:3      | Reached skill level 6 in Axes
  1786 | D:3      | Reached XP level 5. HP: 8/50 MP: 4/4
  1786 | D:3      | Reached XP level 6. HP: 9/57 MP: 5/5
  2749 | D:4      | Reached skill level 7 in Axes
  2972 | D:4      | Reached XP level 7. HP: 64/64 MP: 6/6
  3134 | D:4      | Found a staircase to the Ecumenical Temple.
  3368 | D:4      | Reached *** piety under Trog
  3369 | D:4      | Reached skill level 8 in Axes
  3586 | D:5      | Entered Level 5 of the Dungeon
  3593 | D:5      | Noticed Ijyb
  3594 | D:5      | Found a sand-covered staircase.
  3607 | D:5      | Killed Ijyb
  3613 | Ossuary  | Entered an ossuary
  3968 | D:5      | Found an iron altar of Okawaru.
  3974 | D:5      | Reached skill level 9 in Axes
  3991 | D:5      | Reached XP level 8. HP: 17/73 MP: 7/7
  4270 | D:5      | Found Nyss's Weapon Shoppe.
  4290 | D:5      | Noticed Blork the orc
  4291 | D:5      | Reached skill level 10 in Axes
  4299 | D:5      | Killed Blork the orc
  4587 | D:5      | Found Hofiodd's Magic Scroll Shoppe.
  4600 | D:5      | Found Udach's Armour Shoppe.
  4611 | D:5      | Found Cyisixt's Assorted Antiques.
  4663 | D:5      | Reached skill level 1 in Shields
  5026 | D:5      | Found Korghuag's Antique Armour Shoppe.
  5121 | D:6      | Found a stormy altar of Qazlal.
  5251 | D:6      | Noticed Sigmund
  5256 | D:6      | Killed Sigmund
  5257 | D:6      | Reached skill level 11 in Axes
  5604 | D:6      | Reached XP level 9. HP: 80/83 MP: 8/8
  6204 | D:7      | Reached **** piety under Trog
  6313 | D:7      | Found a glowing silver altar of Zin.
  6320 | D:7      | Reached skill level 12 in Axes
  6501 | D:7      | Found Saffa's Antique Armour Boutique.
  6746 | D:7      | Found a sparkling altar of Nemelex Xobeh.
  6747 | D:7      | Found an opulent altar of Gozag.
  6939 | D:8      | Reached skill level 10 in Fighting
  7145 | D:8      | Noticed Prince Ribbit
  7149 | D:8      | Killed Prince Ribbit
  7222 | D:8      | Noticed a kobold demonologist
  7222 | D:8      | Noticed a kobold demonologist
  7229 | D:8      | Killed a kobold demonologist
  7231 | D:8      | Killed a kobold demonologist
  7232 | D:8      | Reached skill level 13 in Axes
  7329 | D:8      | Found a shimmering blue altar of Sif Muna.
  7371 | D:8      | Reached XP level 10. HP: 88/95 MP: 9/9
  7486 | D:8      | Found a shadowy altar of Dithmenos.
  7601 | D:8      | Noticed a two-headed ogre
  7611 | D:8      | Killed a two-headed ogre
  7612 | D:8      | Reached skill level 14 in Axes
  7830 | D:8      | Noticed a two-headed ogre
  7836 | D:8      | Killed a two-headed ogre
  7840 | D:8      | Identified the +2 ring mail of Inaction {Int+4}
  8083 | D:9      | Found a blossoming altar of Fedhas.
  8140 | D:9      | Reached XP level 11. HP: 105/105 MP: 10/10
  8213 | D:9      | Identified the +3 ring mail of the Turtledove {Rampage
                  | Int+3}
  8217 | D:9      | Noticed a death yak
  8226 | D:9      | Killed a death yak
  8701 | D:10     | Entered Level 10 of the Dungeon
  8748 | D:10     | Reached skill level 5 in Shields
  8797 | D:10     | Found a shimmering altar of Xom.
  8801 | D:10     | Found an ornate altar of the Wu Jian Council.
  8847 | D:10     | Found a hazy altar of Hepliaklqana.
  9064 | D:10     | Reached ***** piety under Trog
  9555 | D:10     | Noticed a two-headed ogre
  9559 | D:10     | Reached skill level 5 in Armour
  9561 | D:10     | Killed a two-headed ogre
  9820 | D:11     | Reached skill level 15 in Axes
  9848 | D:11     | Noticed a boulder beetle
  9873 | D:11     | Slain by a boulder beetle

Illustrated notes

Levels and vault maps discovered:
D:1:      dpeg_arrival_lava_altar, layout_basic, serial_shops, shop,
          kennysheep_boxes
D:2:      layout_loops_cross, dilly_ecumenical_altar_fadedgnrine, minmay_tall_x
D:3:      layout_rooms, st_stairs_10, uniq_grinder
D:4:      layout_gridville, minmay_temple_entry_enclosed_plants,
          serial_bayou_crossing
D:5:      layout_basic, okawaru_trees_2, cheibrodos_sewer_entry_drain,
          serial_shops, nicolae_take_the_stairs, shop, kennysheep_mini_moat,
          nicolae_shop_crystal, nicolae_shop_crystal, enter_ossuary_3,
          st_stairs_11, uniq_blork_the_orc, uniq_ijyb
D:6:      layout_loops_corners, general_overflow_altar, uniq_sigmund
D:7:      layout_cave_pools, grunt_temple_overflow_opulence,
          mainiacjoe_overflow_concentric_impassable, serial_shops, shop,
          st_stairs_6
D:8:      minmay_thinvault, layout_rooms, lemuel_blue_sif_altar,
          mainiacjoe_overflow_six_doors_small, hangedman_decor_peaks_small,
          uniq_prince_ribbit1
D:9:      layout_long_grid, kennysheep_mini, serial_ice, serial_ice_d,
          serial_ice_m, serial_ice_b, serial_ice_i
D:10:     layout_roguey, nicolae_overflow_hidden_temple,
          mainiacjoe_overflow_small_starburst, kennysheep_cross_room,
          kennysheep_diamond, minmay_microvault, uniq_maggie
D:11:     layout_cave_pools, due_lair_maze_entry_diamond, erik_orc_2,
          serial_column_ruins, column_ruins_hut, column_ruins_columns_straight,
          column_ruins_open_small, column_ruins_open_tiny,
          column_ruins_open_small, column_ruins_open_tiny, serial_shops,
          shop_fountains, jiyva_altar_1

Skill      XL: |  1  2  3  4  5  6  7  8  9 10 11 |
---------------+----------------------------------+-----
Fighting       | 4 6 7 9 11 12 13 | 13.1
Axes           | 4 5 6 7 9 11 13 14 15 | 15.0
Shields        | 2 4 6 |  6.2
Armour         | 4 6 |  6.1
Dodging        | 3 4 |  4.4

Action                   |  1- 3 |  4- 6 |  7- 9 | 10-12 || total
-------------------------+-------+-------+-------+-------++-------
Melee: Hand axe          |    55 |   102 |   122 |       ||   279
       Headbutt          |    15 |    17 |    60 |    35 ||   127
       War axe           |       |       |    98 |   180 ||   278
Invok: Berserk           |       |     2 |     3 |     1 ||     6
       Trog's Hand       |       |       |       |     1 ||     1
  Use: Scroll            |       |       |    10 |     9 ||    19
 Stab: Distracted        |       |       |     1 |     2 ||     3
Armor: Animal skin       |     8 |       |       |       ||     8
       Chain mail        |       |    43 |    67 |       ||   110
       Scale mail        |       |       |     9 |    46 ||    55
Dodge: Dodged            |    35 |    33 |    47 |    30 ||   145
Block: Tower shield      |       |       |    89 |   150 ||   239
